[Event "Vienna Championship 2022"]
[Site "Vienna"]
[Date "2022.09.17"]
[Round "1.1"]
[White "Baumegger, Siegfried"]
[Black "Schwabeneder, Florian"]
[Result "0-1"]
[ECO "E62"]
[WhiteElo "2447"]
[BlackElo "2417"]
[Annotator "ChessBase"]
[PlyCount "80"]
[EventDate "2022.09.17"]
[EventType "tourn"]
[EventCountry "AUT"]
[SourceTitle "playchess.com"]
[Source "ChessBase"]
[SourceQuality "1"]
[TimeControl "5400+30"]

1. d4 Nf6 2. c4 g6 3. Nc3 Bg7 4. g3 O-O 5. Bg2 d6 6. Nf3 Bg4 7. O-O Qc8 8. Bg5 Re8 9. Rc1 e5 10. dxe5 dxe5 11. Nd5 Nbd7 12. h3 Bf5 13. Nh4 Be6 14. Qd2 c6 15. e4 Qb8 16. f4 cxd5 17. cxd5 Nxe4 18. Bxe4 Bxh3 19. Rf2 f5 20. Bh1 Qd6 21. fxe5 Bxe5 22. Bf4 Bg4 23. Nf3 Bxf3 24. Bxf3 Nf6 25. Re2 Bxf4 26. Qxf4 Qxf4 27. gxf4 Rxe2 28. Bxe2 Rd8 29. Bf3 Kf7 30. Rc7+ Rd7 31. d6 Ke6 32. Bxb7 Kxd6 33. Rxd7+ Nxd7 34. Kf2 Nc5 35. Bf3 Nd3+ 36. Ke3 Nxb2 37. Kd4 Na4 38. Bd5 Nc5 39. Bg8 Ne6+ 40. Kc4 h5 0-1

[Event "Vienna Championship 2022"]
[Site "Vienna"]
[Date "2022.09.17"]
[Round "1.2"]
[White "Vitouch, Anatol"]
[Black "Halvax, Georg"]
[Result "0-1"]
[ECO "D00"]
[WhiteElo "2252"]
[BlackElo "2423"]
[Annotator "ChessBase"]
[PlyCount "118"]
[EventDate "2022.09.17"]
[EventType "tourn"]
[EventCountry "AUT"]
[SourceTitle "playchess.com"]
[Source "ChessBase"]
[SourceQuality "1"]
[TimeControl "5400+30"]

1. d4 d5 2. Bf4 Nf6 3. e3 c5 4. c3 Nc6 5. Nd2 cxd4 6. exd4 Bf5 7. Ngf3 e6 8. Qb3 Qc8 9. Nh4 Be4 10. Nxe4 dxe4 11. g3 h6 12. Ng2 Be7 13. Be2 O-O 14. O-O a6 15. Rae1 b5 16. f3 exf3 17. Bxf3 Ra7 18. Bc1 Rd7 19. Nf4 Na5 20. Qd1 b4 21. Qa4 Nc4 22. Be2 Nb6 23. Qa5 Nbd5 24. Nxd5 Rxd5 25. Qxa6 bxc3 26. Qxc8 Rxc8 27. bxc3 Rxc3 28. Bf3 Rd8 29. Bb2 Rc4 30. Bd1 Rc7 31. Bb3 Ra7 32. Rf2 Nd5 33. Rd1 Bg5 34. Re2 Bf6 35. Kg2 Rad7 36. Kf3 Nb4 37. Ke4 Nc6 38. Red2 Na5 39. Ba4 Rb7 40. Bc3 Nc4 41. Rc2 Nd6+ 42. Kf3 Ra7 43. Bb3 Nb5 44. a4 Nxc3 45. Rxc3 Rxd4 46. Rxd4 Bxd4 47. Rc8+ Kh7 48. Ke4 Bg1 49. h3 g6 50. g4 Kg7 51. Kd3 Kf6 52. Kc4 Kg5 53. Rh8 Be3 54. Bc2 Kh4 55. Kb5 Kxh3 56. Bd1 Rd7 57. Be2 Rd2 58. Bf3 Kg3 59. Bc6 Kxg4 0-1

[Event "Vienna Championship 2022"]
[Site "Vienna"]
[Date "2022.09.17"]
[Round "1.3"]
[White "Steindl, Johannes"]
[Black "Kruckenhauser, Arthur"]
[Result "1-0"]
[ECO "C83"]
[WhiteElo "2327"]
[BlackElo "2289"]
[Annotator "ChessBase"]
[PlyCount "115"]
[EventDate "2022.09.17"]
[EventType "tourn"]
[EventCountry "AUT"]
[SourceTitle "playchess.com"]
[Source "ChessBase"]
[SourceQuality "1"]
[TimeControl "5400+30"]

1. e4 e5 2. Nf3 Nc6 3. Bb5 a6 4. Ba4 Nf6 5. O-O Nxe4 6. d4 b5 7. Bb3 d5 8. dxe5 Be6 9. c3 Be7 10. Nbd2 O-O 11. Bc2 f5 12. Nb3 Qd7 13. Nfd4 Nxd4 14. Nxd4 c5 15. Nxe6 Qxe6 16. f3 Ng5 17. Bf4 Rad8 18. Kh1 Qb6 19. Bxg5 Bxg5 20. f4 Be7 21. g4 d4 22. Bxf5 dxc3 23. Qb3+ Kh8 24. Qxc3 Qb7+ 25. Qf3 Qxf3+ 26. Rxf3 g6 27. Be6 Rd2 28. b3 Rfd8 29. a4 Re2 30. axb5 axb5 31. Kg1 Rdd2 32. Rh3 Kg7 33. g5 Rg2+ 34. Kh1 Rgf2 35. Rh4 Rd4 36. f5 gxf5 37. Rxd4 cxd4 38. Ra7 d3 39. Rxe7+ Kg6 40. h4 f4 41. Bg4 f3 42. Re6+ Kg7 43. Rd6 d2 44. Bh3 Re2 45. Bf1 Re1 46. Rxd2 Rxf1+ 47. Kh2 Rb1 48. h5 f2 49. Rxf2 Rxb3 50. Re2 Rf3 51. e6 Kf8 52. g6 hxg6 53. hxg6 Rf6 54. g7+ Kxg7 55. e7 Rh6+ 56. Kg1 Rg6+ 57. Kf1 Rf6+ 58. Ke1 1-0

[Event "Vienna Championship 2022"]
[Site "Vienna"]
[Date "2022.09.17"]
[Round "1.4"]
[White "Atzl, Florian"]
[Black "Leisch, Lukas"]
[Result "0-1"]
[ECO "B50"]
[WhiteElo "2155"]
[BlackElo "2409"]
[Annotator "ChessBase"]
[PlyCount "78"]
[EventDate "2022.09.17"]
[EventType "tourn"]
[EventCountry "AUT"]
[SourceTitle "playchess.com"]
[Source "ChessBase"]
[SourceQuality "1"]
[TimeControl "5400+30"]

1. e4 c5 2. Nf3 d6 3. b3 Nf6 4. Nc3 g6 5. Bb2 Bg7 6. Qe2 O-O 7. g3 Nc6 8. h3 Ne8 9. Bg2 Nc7 10. O-O Ne6 11. Nd1 Ned4 12. Nxd4 Nxd4 13. Qd3 Bd7 14. a4 Rc8 15. f4 Qc7 16. Ne3 Ne2+ 17. Qxe2 Bxb2 18. Rab1 Bg7 19. f5 Qd8 20. c3 Bc6 21. Qf3 a6 22. g4 g5 23. h4 Bf6 24. Kf2 gxh4 25. Qf4 e6 26. Rh1 Bg5 27. Qh2 d5 28. e5 b5 29. axb5 axb5 30. Nc2 d4 31. Bxc6 Rxc6 32. Qg2 Ra6 33. Rbd1 Ra2 34. Qe4 Qd5 35. Qxd5 exd5 36. Ne1 dxc3 37. Nf3 h6 38. Nxh4 c2 39. Ra1 Rxa1 0-1

[Event "Vienna Championship 2022"]
[Site "Vienna"]
[Date "2022.09.17"]
[Round "1.5"]
[White "Stanec, Nikolaus"]
[Black "Peyrer, Konstantin"]
[Result "1/2-1/2"]
[ECO "C67"]
[WhiteElo "2458"]
[BlackElo "2402"]
[Annotator "ChessBase"]
[PlyCount "29"]
[EventDate "2022.09.17"]
[EventType "tourn"]
[EventCountry "AUT"]
[SourceTitle "playchess.com"]
[Source "ChessBase"]
[SourceQuality "1"]
[TimeControl "5400+30"]

1. e4 e5 2. Nf3 Nc6 3. Bb5 Nf6 4. O-O Nxe4 5. Re1 Nd6 6. Nxe5 Be7 7. Bf1 Nxe5 8. Rxe5 O-O 9. d4 Bf6 10. Re1 Re8 11. c3 Rxe1 12. Qxe1 Nf5 13. Nd2 d5 14. Nf3 Nd6 15. Bf4 1/2-1/2

[Event "Vienna Championship 2022"]
[Site "Vienna"]
[Date "2022.09.18"]
[Round "2.1"]
[White "Schwabeneder, Florian"]
[Black "Peyrer, Konstantin"]
[Result "1/2-1/2"]
[ECO "C13"]
[WhiteElo "2417"]
[BlackElo "2402"]
[Annotator "ChessBase"]
[PlyCount "36"]
[EventDate "2022.09.17"]
[EventType "tourn"]
[EventCountry "AUT"]
[SourceTitle "playchess.com"]
[Source "ChessBase"]
[SourceQuality "1"]
[TimeControl "5400+30"]

1. e4 e6 2. d4 d5 3. Nc3 Nf6 4. Bg5 dxe4 5. Nxe4 Be7 6. Nxf6+ Bxf6 7. Bxf6 Qxf6 8. Nf3 O-O 9. Qd3 c5 10. O-O-O Rd8 11. Qe4 Nc6 12. Bd3 Qh6+ 13. Kb1 cxd4 14. Bb5 Bd7 15. Nxd4 f5 16. Qe3 Nxd4 17. Bxd7 Rxd7 18. Rxd4 Qg5 1/2-1/2

[Event "Vienna Championship 2022"]
[Site "Vienna"]
[Date "2022.09.18"]
[Round "2.2"]
[White "Leisch, Lukas"]
[Black "Stanec, Nikolaus"]
[Result "0-1"]
[ECO "E00"]
[WhiteElo "2409"]
[BlackElo "2458"]
[Annotator "ChessBase"]
[PlyCount "50"]
[EventDate "2022.09.17"]
[EventType "tourn"]
[EventCountry "AUT"]
[SourceTitle "playchess.com"]
[Source "ChessBase"]
[SourceQuality "1"]
[TimeControl "5400+30"]

1. d4 Nf6 2. c4 e6 3. g3 Bb4+ 4. Nd2 O-O 5. Bg2 d6 6. a3 Bxd2+ 7. Qxd2 Qe7 8. e3 e5 9. Ne2 exd4 10. Nxd4 c5 11. Nb5 Rd8 12. O-O Be6 13. Qe2 d5 14. cxd5 Nxd5 15. Rd1 Nc6 16. Bd2 Nb6 17. Bxc6 bxc6 18. Nc3 Bc4 19. Qe1 Bb3 20. Rdc1 Nc4 21. Nb1 Qe4 22. Qe2 Ne5 23. Nc3 Nf3+ 24. Kh1 Qg4 25. Kg2 Nh4+ 0-1

[Event "Vienna Championship 2022"]
[Site "Vienna"]
[Date "2022.09.18"]
[Round "2.3"]
[White "Kruckenhauser, Arthur"]
[Black "Atzl, Florian"]
[Result "1-0"]
[ECO "D36"]
[WhiteElo "2289"]
[BlackElo "2155"]
[Annotator "ChessBase"]
[PlyCount "75"]
[EventDate "2022.09.17"]
[EventType "tourn"]
[EventCountry "AUT"]
[SourceTitle "playchess.com"]
[Source "ChessBase"]
[SourceQuality "1"]
[TimeControl "5400+30"]

1. d4 d5 2. c4 e6 3. Nc3 Nf6 4. cxd5 exd5 5. Bg5 c6 6. e3 Be7 7. Bd3 O-O 8. Qc2 h6 9. Bh4 Re8 10. Nf3 Be6 11. O-O a5 12. Rae1 Na6 13. a3 b5 14. Ne5 Bd7 15. Rc1 b4 16. Bxf6 Bxf6 17. Nxd7 Qxd7 18. Na4 Qb7 19. Qxc6 Qxc6 20. Rxc6 Nb8 21. Rc7 Na6 22. Bxa6 Rxa6 23. axb4 axb4 24. b3 Be7 25. Rfc1 Bd6 26. R7c6 Rxc6 27. Rxc6 Bf8 28. Kf1 Ra8 29. Ke2 f5 30. Rc7 Ra5 31. Rd7 Kh7 32. Rf7 Bd6 33. Rxf5 Kg6 34. g4 Bxh2 35. f4 Ra8 36. Rxd5 Rc8 37. Rc5 Re8 38. Kf2 1-0

[Event "Vienna Championship 2022"]
[Site "Vienna"]
[Date "2022.09.18"]
[Round "2.4"]
[White "Halvax, Georg"]
[Black "Steindl, Johannes"]
[Result "1-0"]
[ECO "E73"]
[WhiteElo "2423"]
[BlackElo "2327"]
[Annotator "ChessBase"]
[PlyCount "113"]
[EventDate "2022.09.17"]
[EventType "tourn"]
[EventCountry "AUT"]
[SourceTitle "playchess.com"]
[Source "ChessBase"]
[SourceQuality "1"]
[TimeControl "5400+30"]

1. d4 Nf6 2. c4 g6 3. Nc3 Bg7 4. e4 d6 5. Be2 O-O 6. Be3 e5 7. d5 Na6 8. g4 Nc5 9. f3 h5 10. g5 Nh7 11. h4 f6 12. gxf6 Bxf6 13. Bf2 Be7 14. Qd2 Rf4 15. O-O-O Rxh4 16. Bxh4 Bxh4 17. Kb1 Bg5 18. Qc2 Kg7 19. Bf1 Qf6 20. Qg2 Bd7 21. Nh3 Bh6 22. Be2 Rf8 23. Rdg1 Be3 24. Rf1 a5 25. f4 exf4 26. Bxh5 Bxh3 27. Rxh3 Qg5 28. Qh1 gxh5 29. Rxe3 fxe3 30. Rg1 Kh6 31. Rxg5 Nxg5 32. a3 Rf2 33. e5 dxe5 34. b4 axb4 35. axb4 Nb3 36. d6 cxd6 37. Qd5 Rd2 38. Qxb7 e2 39. Nxe2 Rxe2 40. Qd5 Ne4 41. Qd3 Kg7 42. b5 Nbc5 43. Qh3 Nd2+ 44. Kc1 Nxc4 45. Qxh5 Nb3+ 46. Kd1 Rg2 47. Qh3 Rg1+ 48. Ke2 Nd4+ 49. Kf2 Rg6 50. Qd7+ Kh6 51. Qd8 Kh7 52. Qc7+ Rg7 53. Qxc4 Rb7 54. b6 Re7 55. Qc8 e4 56. Ke3 Ne6 57. b7 1-0

[Event "Vienna Championship 2022"]
[Site "Vienna"]
[Date "2022.09.18"]
[Round "2.5"]
[White "Baumegger, Siegfried"]
[Black "Vitouch, Anatol"]
[Result "1-0"]
[ECO "A09"]
[WhiteElo "2447"]
[BlackElo "2252"]
[Annotator "ChessBase"]
[PlyCount "109"]
[EventDate "2022.09.17"]
[EventType "tourn"]
[EventCountry "AUT"]
[SourceTitle "playchess.com"]
[Source "ChessBase"]
[SourceQuality "1"]
[TimeControl "5400+30"]

1. Nf3 d5 2. c4 d4 3. b4 f6 4. d3 e5 5. a3 a5 6. b5 Bc5 7. g3 Ne7 8. Bg2 O-O 9. O-O c6 10. a4 Bg4 11. Nbd2 Bb4 12. Nb3 Nd7 13. h3 Be6 14. Bd2 Bxd2 15. Nfxd2 Qc7 16. Ne4 c5 17. e3 dxe3 18. fxe3 Rad8 19. Qe2 b6 20. Nbd2 Nf5 21. Rad1 Rfe8 22. g4 Nh4 23. Nc3 Nxg2 24. Qxg2 Kh8 25. Nde4 Nf8 26. Ng3 Ng6 27. Qe4 Qd7 28. Rf2 Ne7 29. Kh2 Nc8 30. Qg2 Qf7 31. e4 Qg6 32. Nd5 Bxd5 33. exd5 Nd6 34. Ne4 Qh6 35. Re1 Qh4 36. Nxd6 Rxd6 37. Re4 Qg5 38. Qg3 h6 39. h4 Qg6 40. Rf5 Kg8 41. Qf3 Rdd8 42. Re2 Qf7 43. g5 hxg5 44. hxg5 Rd6 45. Rf2 Rf8 46. Rg2 g6 47. Rxf6 Rxf6 48. gxf6 Qxf6 49. Qxf6 Rxf6 50. Rg5 Rf3 51. Rxg6+ Kf7 52. Rxb6 Rxd3 53. Rc6 Ra3 54. Rxc5 Rxa4 55. b6 1-0

[Event "Vienna Championship 2022"]
[Site "Vienna"]
[Date "2022.09.19"]
[Round "3.1"]
[White "Vitouch, Anatol"]
[Black "Schwabeneder, Florian"]
[Result "0-1"]
[ECO "E06"]
[WhiteElo "2252"]
[BlackElo "2417"]
[Annotator "TA"]
[PlyCount "110"]
[EventDate "2022.09.17"]
[EventType "tourn"]
[EventCountry "AUT"]
[SourceTitle "playchess.com"]
[Source "ChessBase"]
[SourceQuality "1"]
[TimeControl "5400+30"]

1. d4 d5 2. Nf3 Nf6 3. g3 e6 4. Bg2 Be7 5. O-O O-O 6. c4 c6 7. Qc2 b6 8. Nbd2 Bb7 9. e4 Na6 10. a3 {[%emt 0:00:16] CPLX 2.2 The main line 10.a3 scores better than 10.e5. E06: Closed Catalan: Early deviations.} Rc8 {[%emt 0:06:09] CPLX 2.2 35 (c6-c5) (=18)} (10... c5 $5 ) 11. e5 {[%emt 0:04:32] CPLX 2.2 13 (b2-b4) (=7)} (11. b4 {seems wilder.} dxc4 12. Nxc4 c5 13. e5) 11... Nd7 {[%emt 0:00:46] CPLX 2.4 7 (Nf6-e8) (=14)} 12. cxd5 {[%emt 0:03:54] BESTDEEP. White is slightly better.} cxd5 {[%emt 0:01:01] RECAPT} 13. Qa4 {[%emt 0:00:53] CPLX 2.8 34 (Qc2-b1) (=12)} Nab8 {[%emt 0:11:54] BESTDEEP} 14. Re1 {[%emt 0:02:51] BESTDEEP} (14. Qxa7 $2 Bc6 15. Nb1 Rc7 16. Qxc7 Qxc7 $19) 14... Qc7 {[%emt 0:07:48] [#] CPLX 2.3 17 (Bb7-a6) (=10)} 15. Nf1 $146 {[%emt 0:00:48] CPLX 2.4 17 (b2-b4) (=11)} ({Predecessor:} 15. Bf1 f6 16. exf6 Rxf6 17. Bh3 Qc6 18. Qxc6 Rxc6 19. Kg2 a5 20. Nf1 h6 21. Ne3 {1-0 (39) Yashmetov,M (2330)-Anisimov,Y (1992) Moscow 2020}) 15... Qc6 {[%emt 0:04:14] CPLX 2.4 0 (Qc7-c2) (=8)} 16. Qd1 {[%emt 0:05:38] BESTDEEP} ({Don't go for} 16. Qxa7 $2 Rc7 17. Ne3 Ba6 18. Qxc7 Qxc7 $19) 16... Qc2 {[%emt 0:02:22] CPLX 2.2} 17. Ne3 {[%emt 0:00:42] CPLX 2.8 0 (Qd1xc2) (=8)} Qxd1 {[%emt 0:00:17] CPLX 3.0} 18. Rxd1 {[%emt 0:00:05] RECAPT} Ba6 {[%emt 0:05:11] BESTDEEP} 19. Bd2 {[%emt 0:00:43] CPLX 2.0 6 (b2-b3) (=7)} Rc7 {[%emt 0:01:20] CPLX 2.0 6 (Nb8-c6) (=6)} 20. Rdc1 {[%emt 0:17:34] CPLX 2.0 0 (Bd2-b4) (=6)} Rfc8 {[%emt 0:00:43] CPLX 2.2} 21. Rxc7 {[%emt 0:00:08] CPLX 2.1} Rxc7 {[%emt 0:00:07] RECAPT} 22. Bf1 {[%emt 0:16:35] CPLX 2.0 10 (Nf3-e1) (=6)} Bxf1 {[%emt 0:01:40] CPLX 2.1} 23. Kxf1 {[%emt 0:00:05] RECAPT} f6 {[%emt 0:03:42] CPLX 2.0 8 (b6-b5) (=5)} 24. exf6 {[%emt 0:00:48] CPLX 2.0} gxf6 {[%emt 0:00:48] RECAPT} 25. Re1 {[%emt 0:02:04][%cal Oe3d5] [#] Hoping for Nxd5! CPLX 2.0 8 (a3-a4) (=6)} Kf7 {[%emt 0:04:31] BESTDEEP} 26. Ke2 {[%emt 0:04:39] CPLX 2.0 13 (g3-g4) (=6)} Bd6 {[%emt 0:02:57] CPLX 2.0 20 (Nb8-c6) (=5)} 27. Kd3 {[%emt 0:01:16] CPLX 2.0 38 (h2-h4) (=8)} Nc6 {[%emt 0:00:54] CPLX 2.5} 28. Rc1 {[%emt 0:03:39] CPLX 2.2 22 (a3-a4) (=8)} b5 {[%emt 0:03:39] BESTDEEP} 29. Ne1 {[%emt 0:18:14] CPLX 2.5 26 (Rc1-a1) (=9)} Nb6 {[%emt 0:02:49] BESTDEEP} 30. f4 {[%emt 0:00:04] DEEPSTRONG} Nc4 {[%emt 0:02:00] CPLX 2.8} 31. Rc2 {[%emt 0:01:10] BESTDEEP} Ne7 {[%emt 0:03:58] CPLX 3.2 55 (Rc7-d7) (=6)} (31... Rd7 $15) 32. Nf3 {[%emt 0:03:52] RELBLUND 71 (b2-b3) (=11)} (32. b3 $1 $11 {remains equal.}) 32... a5 $17 {[%emt 0:07:00] BESTDEEP} 33. Bc1 {[%emt 0:01:09] CPLX 3.3 0 (Kd3-e2) (=11)} a4 {[%emt 0:01:36] CPLX 3.2 0 (Rc7-b7) (=6)} 34. Nd1 {[%emt 0:00:37] CPLX 3.3 10 (Bc1-d2) (=11)} b4 {[%emt 0:05:00] CPLX 3.1 81 (Rc7-b7) (=9)} (34... Rb7 $17) 35. axb4 {[%emt 0:00:45] RELBLUND 104 (Nf3-d2) (=14)} (35. Nd2 $1 $11) 35... Nc6 $36 {[%emt 0:02:47][%mdl 2048] Black is really pushing. DEEPSTRONG=>BLUNDERREACT} ({Don't take} 35... Bxb4 36. Ne3 $14) 36. Bd2 {[%emt 0:01:39] EASY} Bxb4 {[%emt 0:01:00] Black has more active pieces. The white rooks are badly placed. EASY} 37. Nc3 $2 {[%emt 0:04:10] Loses the game. MISSDEEP-Bd2-c3 157 (Bd2-c3) (=19)} (37. Bc3 $17 {might work better.}) 37... Ba5 $19 {[%emt 0:03:27] [#] ...Nb4+ is the strong threat. BESTDEEP} 38. Na2 {[%emt 0:01:26] Prevents Nb4+. CPLX 3.1 17 (Rc2-c1) (=19)} Rb7 {[%emt 0:01:15] CPLX 3.3 73 (e6-e5) (=10)} 39. Bc1 {[%emt 0:01:46] MISSDEEP-Bd2-c3 224 (Bd2-c3) (=26)} (39. Bc3) 39... Rb3+ {[%emt 0:00:44] EASY} 40. Ke2 {[%emt 0:00:32] DEEPSTRONG} Rxf3 {[%emt 0:01:14] CPLX 3.3 111 (Ba5-b6) (=13)} 41. Rxc4 {[%emt 0:00:05] EASY} dxc4 {[%emt 0:00:07] RECAPT} 42. Kxf3 {[%emt 0:00:04] EASY} Nxd4+ {[%emt 0:00:09][%mdl 4096] Endgame KBN-KBN. EASY} 43. Ke4 {[%emt 0:00:12] CPLX 2.0 70 (Kf3-f2) (=25)} Nb3 {[%emt 0:01:46] Strongly threatening ...f5+. CPLX 2.3} 44. Be3 {[%emt 0:00:58] CPLX 2.1} f5+ {[%emt 0:01:24] CPLX 2.1} 45. Kf3 {[%emt 0:00:08] EASY} Nd2+ {[%emt 0:00:37] CPLX 2.0 100 (Kf7-e7) (=14)} 46. Ke2 {[%emt 0:01:18] CPLX 2.0 79 (Be3xd2) (=25)} (46. Bxd2 {is a better defense.} Bxd2 47. Ke2) 46... Ne4 {[%emt 0:00:06] CPLX 2.1} 47. Bd4 {[%emt 0:00:40] CPLX 2.0 0 (Be3-a7) (=24)} Ke7 {[%emt 0:00:11] CPLX 2.0} 48. Kf3 $2 {[%emt 0:00:36] CPLX 2.0 197 (Bd4-e5) (=29)} (48. Be5) 48... Kd6 {[%emt 0:00:50] CPLX 2.1=>BLUNDERREACT} 49. g4 {[%emt 0:00:57] CPLX 2.2 173 (Bd4-g7) (=32)} (49. Bg7 {was worth a try.} c3 50. Ke2) 49... Kd5 {[%emt 0:00:07] CPLX 2.3} 50. Be5 {[%emt 0:00:42] CPLX 2.6 0 (Bd4-g7) (=31)} Bd2 {[%emt 0:00:37] CPLX 2.5 21 (c4-c3) (=13)} 51. h3 {[%emt 0:00:47] CPLX 2.5 400 (g4xf5) (=40)} (51. gxf5 $142 exf5 52. Ke2) 51... c3 {[%emt 0:00:48] DEEPSTRONG=>BLUNDERREACT} 52. bxc3 {[%emt 0:02:30] BESTDEEP} Kc4 {[%emt 0:00:12] aiming for ...Kb3. CPLX 2.6} 53. g5 {[%emt 0:00:23] RELBLUND 400 (h3-h4) (=47)} Nxc3 {[%emt 0:01:00] DEEPSTRONG=>BLUNDERREACT} 54. Bxc3 {[%emt 0:00:43] MISSDEEP-h3-h4 400 (h3-h4) (=55)} Bxc3 {[%emt 0:00:08] RECAPT} 55. h4 {[%emt 0:00:06] RELBLUND 4 (Na2-c1) (=54)} Bb2 {[%emt 0:00:40] Weighted Error Value: White=0.61/Black=0.13 (very precise)} 0-1

[Event "Vienna Championship 2022"]
[Site "Vienna"]
[Date "2022.09.19"]
[Round "3.2"]
[White "Steindl, Johannes"]
[Black "Baumegger, Siegfried"]
[Result "1/2-1/2"]
[ECO "C10"]
[WhiteElo "2327"]
[BlackElo "2447"]
[Annotator "TA"]
[PlyCount "96"]
[EventDate "2022.09.17"]
[EventType "tourn"]
[EventCountry "AUT"]
[SourceTitle "playchess.com"]
[Source "ChessBase"]
[SourceQuality "1"]
[TimeControl "5400+30"]

1. e4 e6 2. d4 d5 3. Nc3 dxe4 4. Nxe4 Nd7 5. Nf3 Ngf6 6. Bd3 c5 $1 {[%emt 0:01:12][%mdl 4] CPLX 2.2 1 (Nf6xe4) (=1) is now more promising than 6...Nxe4.} 7. c3 {[%emt 0:01:23] CPLX 2.6. C10: French with 3 Nc3: Unusual Black 3rd moves and 3...dxe4.} Nxe4 {[%emt 0:11:50] CPLX 2.5} 8. Bxe4 {[%emt 0:00:04] RECAPT} Nf6 {[%emt 0:02:21] CPLX 2.2} 9. Bg5 {[%emt 0:00:14] CPLX 2.6. White has an edge.} cxd4 {[%emt 0:04:33] BESTDEEP} 10. Nxd4 {[%emt 0:12:05] RECAPT 16 (Bg5xf6) (=4)} Bc5 {[%emt 0:13:41] [#] CPLX 3.1 23 (Bf8-e7) (=5)} (10... Be7 $5 11. Bxf6 Bxf6 $11) 11. Qf3 $146 {[%emt 0:05:50] CPLX 3.2 33 (0-0) (=10)} (11. O-O $14 {deserves consideration.}) ({Predecessor:} 11. Qd3 Bxd4 12. cxd4 Qa5+ 13. Bd2 Qb6 14. Bf3 O-O 15. O-O Bd7 16. Rfc1 Rac8 17. b3 {0-1 (33) Brunova,B (1992)-Frej,Z (1881) Prague 2016}) 11... Bxd4 $11 {[%emt 0:05:44] EASY} 12. cxd4 {[%emt 0:00:03] RECAPT} Qa5+ {[%emt 0:01:02] BESTDEEP} 13. Bd2 {[%emt 0:00:07] EASY} Qb6 {[%emt 0:03:11] CPLX 3.2} 14. Bc3 {[%emt 0:16:03] CPLX 2.5 0 (0-0) (=6)} Nxe4 {[%emt 0:04:24] CPLX 2.5 6 (0-0) (=3)} 15. Qxe4 {[%emt 0:00:04] RECAPT} O-O {[%emt 0:01:26] BESTDEEP} 16. O-O {[%emt 0:00:03] CPLX 2.2} Rd8 {[%emt 0:01:30] CPLX 2.3} 17. Rfe1 {[%emt 0:00:04][%cal Od4d5] CPLX 2.4} Qb5 {[%emt 0:07:44] Prevents d5. CPLX 2.5 6 (h7-h6) (=3)} 18. d5 {[%emt 0:11:35] CPLX 2.6 20 (Re1-e3) (=6)} Rxd5 {[%emt 0:05:22] CPLX 3.4} 19. Rad1 {[%emt 0:15:16] [#] Hoping for Rxd5. CPLX 3.3} Bd7 {[%emt 0:01:08][%cal Bc8d7,Bd7c6,Bc6d5][%mdl 32] BESTDEEP} 20. Rxd5 {[%emt 0:07:42] CPLX 3.4} Qxd5 {[%emt 0:00:08] RECAPT} 21. Qg4 {[%emt 0:00:06][%csl Gc3][%cal Rg4g7] CPLX 3.0 15 (Qe4xd5) (=6)} e5 $1 {[%emt 0:02:09] DEEPSTRONG} 22. Qd1 {[%emt 0:00:05] CPLX 3.0} Bc6 {[%emt 0:03:50][%csl Gc6][%cal Rd5g2] [#] CPLX 2.7 18 (Qd5xd1) (=3)} 23. Qxd5 {[%emt 0:00:30] EASY} Bxd5 {[%emt 0:00:05] RECAPT} 24. Rxe5 {[%emt 0:00:30] CPLX 2.0} Bxa2 {[%emt 0:00:19][%mdl 4096] Endgame KRB-KRB. EASY} 25. Rg5 {[%emt 0:04:21] CPLX 2.0} g6 {[%emt 0:00:06][%cal Bg7g6,Bg6g5][%mdl 32] BESTDEEP} 26. Rc5 {[%emt 0:00:18] BESTDEEP} b6 {[%emt 0:05:48] CPLX 2.0 1 (a7-a6) (=3)} 27. Rc7 {[%emt 0:00:18] CPLX 2.0} h6 {[%emt 0:11:44] CPLX 2.0 8 (g6-g5) (=3)} 28. f3 {[%emt 0:00:47] CPLX 2.0 8 (h2-h4) (=4)} Kh7 {[%emt 0:01:25] CPLX 2.0 13 (g6-g5) (=3)} 29. Kf2 {[%emt 0:01:12] CPLX 2.0 13 (h2-h4) (=5)} g5 {[%emt 0:01:14] CPLX 2.0 0 (Ba2-d5) (=3)} 30. g4 {[%emt 0:01:36] CPLX 2.0} b5 {[%emt 0:04:09] CPLX 2.0 9 (Ba2-e6) (=3)} 31. Rc5 {[%emt 0:02:55] CPLX 2.0 4 (Bc3-a5) (=4)} Bc4 {[%emt 0:00:48] CPLX 2.0} 32. h4 {[%emt 0:00:45] BESTDEEP} gxh4 {[%emt 0:00:46] EASY} 33. Rh5 {[%emt 0:00:26] CPLX 2.2} Re8 {[%emt 0:01:28] CPLX 2.2 3 (h4-h3) (=3)} 34. Rxh4 {[%emt 0:00:33] CPLX 2.3} Re2+ {[%emt 0:02:09] CPLX 2.0 6 (a7-a5) (=3)} 35. Kg3 {[%emt 0:00:03] CPLX 2.0} Kg6 {[%emt 0:02:00] CPLX 2.0 0 (a7-a5) (=3)} 36. Rh1 {[%emt 0:02:10] CPLX 2.1 0 (Rh4-h5) (=4)} a5 {[%emt 0:01:34] CPLX 2.1} 37. Bxa5 {[%emt 0:10:47] CPLX 2.2 16 (Rh1-h5) (=4)} Rxb2 {[%emt 0:00:09] CPLX 2.0} 38. Rh2 {[%emt 0:00:03] CPLX 2.0 14 (Rh1-h5) (=4)} Rb3 {[%emt 0:00:20] MISS-Rb2xh2 14 (Rb2xh2) (=3)} 39. Rd2 {[%emt 0:01:43] Inhibits Bd5. MISS-Ba5-d2 1 (Ba5-d2) (=4)} Bd3 {[%emt 0:00:31] CPLX 2.0 0 (Bc4-e6) (=3)} 40. Kh4 {[%emt 0:00:38] CPLX 2.0 18 (Kg3-f4) (=5)} f6 {[%emt 0:00:53] CPLX 2.0 19 (Kg6-f6) (=4)} 41. Bb6 {[%emt 0:01:18] CPLX 2.1. The position is equal.} Bc4 {[%emt 0:01:25] CPLX 2.0 20 (Bd3-f1) (=4)} 42. Kg3 {[%emt 0:00:58] CPLX 2.0 20 (f3-f4) (=5)} Bd3 {[%emt 0:00:13] CPLX 2.0 20 (Kg6-f7) (=5)} 43. Kf4 {[%emt 0:00:33] Inhibits Be4. CPLX 2.0 19 (Kg3-h4) (=5)} h5 {[%emt 0:00:54] CPLX 2.0 11 (b5-b4) (=5)} 44. gxh5+ {[%emt 0:00:19] CPLX 2.2} Kxh5 {[%emt 0:00:04] RECAPT} 45. Rg2 {[%emt 0:00:24] BESTDEEP} Rb4+ {[%emt 0:00:23] CPLX 2.0 0 (Rb3-c3) (=4)} 46. Ke3 {[%emt 0:00:03] EASY} Rb3 {[%emt 0:00:09] Threatens to win with ...Bf1+. CPLX 2.0 8 (Bd3-f1) (=5)} 47. Kf4 {[%emt 0:00:37] CPLX 2.0} Rb4+ {[%emt 0:01:14] CPLX 2.0 18 (Rb3-c3) (=5)} 48. Ke3 {[%emt 0:00:03] EASY} Rb3 {[%emt 0:01:09] Weighted Error Value: White=0.05 (flawless) /Black=0.05 (flawless)} 1/2-1/2